Thunderbirds vs Moose
Created - Sunday, February 16, 2025 at 23:13
Goals
|
Thunderbirds |
2 |
1 |
1 |
4 |
Moose |
1 |
1 |
3 |
5 |
|
Shots
|
Thunderbirds |
11 |
14 |
15 |
40 |
Moose |
9 |
8 |
10 |
27 |
|
1st period
1. Thunderbirds , Artyom Anisimov 10 (Jackson Cates 8, Peetro Seppala 5) at 8:43
2. Moose , Kieffer Bellows 27 (Aatu Raty 28, Lukas Cormier 14) at 10:48
3. Thunderbirds , Uvis Balinskis 6 (James Malatesta 20) at 16:35 (PP)
Penalties :
Ville Ottavainen (MAN) for Tripping (Minor) at 2:08, Uvis Balinskis (SPR) for Interference (Minor) at 6:13, James Malatesta (SPR) for Holding (Minor) at 12:49, Jacob Lucchini (SPR) for Goalie Interference (Minor) at 13:17, Aatu Raty (MAN) for Slashing (Minor) at 15:07
2nd period
4. Thunderbirds , James Malatesta 19 (Jackson Cates 9) at 0:23
5. Moose , Kieffer Bellows 28 (Zachary L'Heureux 19, Tyson Barrie 15) at 0:59
Penalties :
Lian Bichsel (MAN) for Hooking (Minor) at 4:37, Daniil Chayka (MAN) for Interference (Minor) at 6:55, Ville Ottavainen (MAN) for Checking from behind (Minor) at 10:33, Aatu Raty (MAN) for Roughing (Minor) at 13:28, Uvis Balinskis (SPR) for Tripping (Minor) at 17:07, Lian Bichsel (MAN) for Holding (Minor) at 19:56
3rd period
6. Thunderbirds , Lukas Reichel 16 (Oliver Kylington 22) at 4:35
7. Moose , Kyle MacLean 12 (Emil Heineman 13, Samuel Poulin 14) at 8:56
8. Moose , Aatu Raty 24 (Kyle MacLean 30) at 14:01
9. Moose , Kyle MacLean 13 (Aatu Raty 29, Lukas Cormier 15) at 14:38
Penalties :
Ryan Tverberg (MAN) for Tripping (Minor) at 6:49, Lian Bichsel (MAN) for Tripping (Minor) at 13:02, James Malatesta (SPR) for Hooking (Minor) at 13:02, Lian Bichsel (MAN) for Roughing (Minor) at 15:06, Peetro Seppala (SPR) for Roughing (Minor) at 17:20, Samuel Poulin (MAN) for Goalie Interference (Minor) at 17:29
Goalie Stats
Clay Stevenson (SPR), 22 saves from 27 shots - (0.815), L, 23-12-3, 59:32 minutes
Jack Campbell (MAN), 36 saves from 40 shots - (0.900), W, 30-11-1, 60:00 minutes
Players Stats for Thunderbirds
Player Name G A P +/- PIM S H SB GA TA FO MP PP MP PK MP
------------------------------------------------------------------------------------
Adam Wilsby 0 0 0 -1 0 1 1 1 0 0 0/0 26:24 9:45 4:12
AJ Greer 0 0 0 0 0 5 2 0 0 0 1/3 22:55 7:40 2:46
Artyom Anisimov 1 0 1 -1 0 4 1 1 0 0 11/25 21:24 6:59 2:50
Gabriel Fortier 0 0 0 -2 0 5 0 1 0 0 1/1 14:46 1:56 0:00
Hugh McGing 0 0 0 -1 0 2 1 0 0 0 14/29 20:35 8:03 0:00
Jackson Cates 0 2 2 -1 0 1 0 1 0 0 4/4 12:53 0:00 0:00
Jacob Lucchini 0 0 0 1 2 2 0 0 0 0 0/0 18:43 7:44 0:46
James Malatesta 1 1 2 0 4 4 0 0 0 0 0/1 21:11 7:44 2:12
Jasper Weatherby 0 0 0 -1 0 0 0 0 0 0 7/10 4:44 0:26 2:44
John Farinacci 0 0 0 0 0 0 0 0 0 0 0/0 0:00 0:00 0:00
Lukas Reichel 1 0 1 1 0 9 0 0 0 0 10/25 18:19 8:51 0:00
Lukas Rousek 0 0 0 0 0 0 0 0 0 0 0/0 2:37 2:37 0:00
Marc Del Gaizo 0 0 0 -2 0 0 3 0 0 0 0/0 15:34 0:14 0:45
Oliver Kylington 0 1 1 1 0 2 0 2 0 0 0/0 19:25 7:21 2:17
Peetro Seppala 0 1 1 -2 2 0 0 0 0 0 0/0 15:45 0:14 1:39
Tyson Jost 0 0 0 0 0 2 0 1 0 0 0/0 9:56 0:00 0:00
Uvis Balinskis 1 0 1 1 4 2 0 0 0 0 0/0 17:10 7:21 0:22
Vincent Iorio 0 0 0 -1 0 1 1 0 0 0 0/0 25:39 9:45 3:35
Players Stats for Moose
Player Name G A P +/- PIM S H SB GA TA FO MP PP MP PK MP
------------------------------------------------------------------------------------
Aatu Raty 1 2 3 1 4 1 1 0 0 0 16/27 20:53 3:35 5:09
Akil Thomas 0 0 0 0 0 5 1 0 0 0 7/16 19:34 2:56 3:30
Daniil Chayka 0 0 0 1 2 0 0 0 0 0 0/0 13:59 0:00 2:48
Emil Heineman 0 1 1 1 0 1 0 0 0 0 0/1 13:04 2:49 0:00
Joshua Roy 0 0 0 1 0 1 0 2 0 0 2/2 15:03 0:00 9:35
Kieffer Bellows 2 0 2 -1 0 6 3 0 0 0 12/22 25:10 3:36 8:47
Kyle MacLean 2 1 3 3 0 4 2 0 0 0 6/16 20:32 2:49 6:00
Lian Bichsel 0 0 0 1 8 0 4 0 0 0 0/0 13:08 0:00 1:40
Luca Del Bel Belluz 0 0 0 0 0 0 0 0 0 0 1/2 1:55 0:40 0:08
Lukas Cormier 0 2 2 1 0 3 2 0 0 0 0/0 22:57 2:49 8:57
Marc Gatcomb 0 0 0 0 0 0 0 0 0 0 0/0 0:00 0:00 0:00
Mikhail Maltsev 0 0 0 0 0 2 1 0 0 0 1/1 11:20 0:00 0:00
Ryan Tverberg 0 0 0 0 2 1 0 0 0 0 0/0 11:19 0:00 0:00
Samuel Poulin 0 1 1 1 2 1 1 1 0 0 0/0 13:03 2:48 0:00
Tyson Barrie 0 1 1 0 0 2 0 1 0 0 0/0 25:53 3:36 8:25
Ville Ottavainen 0 0 0 0 4 0 2 1 0 0 0/0 23:09 3:36 5:47
Wyatte Wylie 0 0 0 1 0 0 3 0 0 0 0/0 20:47 2:49 7:03
Zachary L'Heureux 0 1 1 -2 0 0 0 1 0 0 5/11 6:45 0:00 1:31
3 Stars
1 - Kyle MacLean (MAN)
2 - Kieffer Bellows (MAN)
3 - Aatu Raty (MAN)
Power Play
Thunderbirds - 1 on 10 Attempt(s) - 10.00%
Moose - 0 on 5 Attempt(s) - 0.00%
Penalty Kill
Thunderbirds - 5 on 5 Attempt(s) - 100.00%
- Score 0 goal in Penalty Kill
Moose - 9 on 10 Attempt(s) - 90.00%
- Score 0 goal in Penalty Kill
Team Stat
Thunderbirds - Hits : 9 - Faceoff Wins : 48 - Blocked Shots : 7 - Penalty Minutes : 12
Moose - Hits : 20 - Faceoff Wins : 50 - Blocked Shots : 6 - Penalty Minutes : 22
Official
Referees : Cody Beach and Furman South
Linesman : Travis Gawryletz and Tommy Hughes
Game Notes
No Game Note
Finance
Level 1 -- Attendance: 1868 (93.40%) -- Ticket Income $65,380
Level 2 -- Attendance: 964 (96.40%) -- Ticket Income $14,460
Total Attendance: 2832 (94.40%)
Total Ticket Income: $79,840
Other Income: $39,122
Total Income: $118,962
Thunderbirds
5 vs 5 Forward
Center Left Wing Right Wing Time % Phy DF OF
1 Lukas Reichel AJ Greer Jacob Lucchini 25 1 2 2
2 Hugh McGing James Malatesta Tyson Jost 25 1 2 2
3 Artyom Anisimov Gabriel Fortier Jackson Cates 25 1 2 2
4 Jackson Cates AJ Greer James Malatesta 25 1 2 2
5 vs 5 Defense
Defense Defense Time % Phy DF OF
1 Vincent Iorio Adam Wilsby 25 1 2 2
2 Oliver Kylington Uvis Balinskis 25 1 2 2
3 Marc Del Gaizo Peetro Seppala 25 1 2 2
4 Vincent Iorio Adam Wilsby 25 1 2 2
PowerPlay Forward
Center Left Wing Right Wing Time % Phy DF OF
1 Lukas Reichel AJ Greer Jacob Lucchini 60 1 2 2
2 Hugh McGing James Malatesta Artyom Anisimov 40 1 2 2
PowerPlay Defense
Defense Defense Time % Phy DF OF
1 Vincent Iorio Adam Wilsby 60 1 2 2
2 Oliver Kylington Uvis Balinskis 40 1 2 2
Penalty Kill 4 Players Forward
Center Wing Time % Phy DF OF
1 Artyom Anisimov AJ Greer 60 1 2 2
2 James Malatesta Jacob Lucchini 40 1 2 2
Penalty Kill 4 Players Defense
Defense Defense Time % Phy DF OF
1 Vincent Iorio Adam Wilsby 60 1 2 2
2 Uvis Balinskis Oliver Kylington 40 1 2 2
Penalty Kill - 3 Players Forward
Forward Time % Phy DF OF
1 Jacob Lucchini 60 1 2 2
2 AJ Greer 40 1 2 2
Penalty Kill - 3 Players Defense
Defense Defense Time % Phy DF OF
1 Vincent Iorio Adam Wilsby 60 1 2 2
2 Peetro Seppala Marc Del Gaizo 40 1 2 2
4 vs 4 Forward
Center Wing Time % Phy DF OF
1 Hugh McGing AJ Greer 60 1 2 2
2 James Malatesta Jacob Lucchini 40 1 2 2
4 vs 4 Defense
Defense Defense Time % Phy DF OF
1 Vincent Iorio Adam Wilsby 60 1 2 2
2 Marc Del Gaizo Peetro Seppala 40 1 2 2
Last Minutes Offensive
Center Left Wing Right Wing Defense Defense
Lukas Reichel AJ Greer Jacob Lucchini Vincent Iorio Adam Wilsby
Last Minutes Defensive
Center Left Wing Right Wing Defense Defense
Lukas Reichel AJ Greer Jacob Lucchini Vincent Iorio Adam Wilsby
Goaltenders
Starting : Clay Stevenson
Backup : Scott Wedgewood
Extra Forwards
Normal : AJ Greer, James Malatesta, Artyom Anisimov - PP : AJ Greer, Jacob Lucchini - PK : Artyom Anisimov
Extra Defensemen
Normal : Adam Wilsby, Vincent Iorio, Oliver Kylington - PP : Adam Wilsby - PK : Adam Wilsby, Vincent Iorio
Penalty Shots
Lukas Reichel, AJ Greer, James Malatesta, Jacob Lucchini, Hugh McGing
Custom OT Lines Forwards
Lukas Reichel, AJ Greer, James Malatesta, Jacob Lucchini, Hugh McGing, Artyom Anisimov, Jackson Cates, Gabriel Fortier, Tyson Jost, Jasper Weatherby
Custom OT Lines Defensemen
Vincent Iorio, Adam Wilsby, Oliver Kylington, Uvis Balinskis, Marc Del Gaizo
Scratches
Xavier Simoneau (Healthy), Ilya Usov (Healthy), Albert Johansson (Healthy), Henrik Rybinski (Healthy), Adam Raska (Healthy)
Samuel Knazko (Healthy), Nicolas Beaudin (Healthy), Artyom Grushnikov (Healthy), Topias Vilen (Healthy), Jack Matier (Healthy)
Dmitri Kuzmin (Healthy), Nikita Novikov (Healthy), Jordy Bellerive (Healthy), Filip Engaras (Healthy), Cam Morrison (Healthy)
Chase Wheatcroft (Healthy), Jalen Luypen (Healthy), Jacob Gaucher (Healthy), Domenick Fensore (Healthy), Shakir Mukhamadullin (Healthy)
Curtis Hall (Healthy), Nathan Legare (Healthy), Robert Bortuzzo (Healthy), Hunter McKown (Healthy), Donovan Sebrango (Healthy)
Colton Poolman (Healthy), Jakub Skarek (Healthy), Mitchell Gibson (Healthy), Keith Petruzzelli (Healthy), Isaiah Saville (Healthy)
Moose
5 vs 5 Forward
Center Left Wing Right Wing Time % Phy DF OF
1 Aatu Raty Kieffer Bellows Joshua Roy 25 1 2 2
2 Kyle MacLean Samuel Poulin Emil Heineman 25 1 2 2
3 Akil Thomas Mikhail Maltsev Ryan Tverberg 25 1 2 2
4 Zachary L'Heureux Kieffer Bellows Aatu Raty 25 1 2 2
5 vs 5 Defense
Defense Defense Time % Phy DF OF
1 Tyson Barrie Ville Ottavainen 25 1 2 2
2 Lukas Cormier Wyatte Wylie 25 1 2 2
3 Lian Bichsel Daniil Chayka 25 1 2 2
4 Tyson Barrie Ville Ottavainen 25 1 2 2
PowerPlay Forward
Center Left Wing Right Wing Time % Phy DF OF
1 Aatu Raty Kieffer Bellows Akil Thomas 60 1 2 2
2 Kyle MacLean Samuel Poulin Emil Heineman 40 1 2 2
PowerPlay Defense
Defense Defense Time % Phy DF OF
1 Tyson Barrie Ville Ottavainen 60 1 2 2
2 Lukas Cormier Wyatte Wylie 40 1 2 2
Penalty Kill 4 Players Forward
Center Wing Time % Phy DF OF
1 Kieffer Bellows Joshua Roy 60 1 2 2
2 Aatu Raty Kyle MacLean 40 1 2 2
Penalty Kill 4 Players Defense
Defense Defense Time % Phy DF OF
1 Tyson Barrie Ville Ottavainen 60 1 2 2
2 Lukas Cormier Wyatte Wylie 40 1 2 2
Penalty Kill - 3 Players Forward
Forward Time % Phy DF OF
1 Kieffer Bellows 60 1 2 2
2 Aatu Raty 40 1 2 2
Penalty Kill - 3 Players Defense
Defense Defense Time % Phy DF OF
1 Tyson Barrie Ville Ottavainen 60 1 2 2
2 Lukas Cormier Wyatte Wylie 40 1 2 2
4 vs 4 Forward
Center Wing Time % Phy DF OF
1 Kieffer Bellows Akil Thomas 60 1 2 2
2 Aatu Raty Kyle MacLean 40 1 2 2
4 vs 4 Defense
Defense Defense Time % Phy DF OF
1 Tyson Barrie Ville Ottavainen 60 1 2 2
2 Lukas Cormier Wyatte Wylie 40 1 2 2
Last Minutes Offensive
Center Left Wing Right Wing Defense Defense
Aatu Raty Kieffer Bellows Joshua Roy Tyson Barrie Ville Ottavainen
Last Minutes Defensive
Center Left Wing Right Wing Defense Defense
Aatu Raty Kieffer Bellows Joshua Roy Tyson Barrie Ville Ottavainen
Goaltenders
Starting : Jack Campbell
Backup : Ivan Prosvetov
Extra Forwards
Normal : Luca Del Bel Belluz, Kieffer Bellows, Akil Thomas - PP : Luca Del Bel Belluz, Kieffer Bellows - PK : Akil Thomas
Extra Defensemen
Normal : Lian Bichsel, Tyson Barrie, Lukas Cormier - PP : Lian Bichsel - PK : Ville Ottavainen, Lukas Cormier
Penalty Shots
Kieffer Bellows, Joshua Roy, Aatu Raty, Kyle MacLean, Akil Thomas
Custom OT Lines Forwards
Kieffer Bellows, Joshua Roy, Aatu Raty, Kyle MacLean, Akil Thomas, Samuel Poulin, Mikhail Maltsev, Emil Heineman, Ryan Tverberg, Zachary L'Heureux
Custom OT Lines Defensemen
Tyson Barrie, Ville Ottavainen, Lukas Cormier, Wyatte Wylie, Lian Bichsel
Scratches
Ryan O'Rourke (Healthy), Tyler Tullio (Healthy), Artemi Knyazev (Healthy), Oskar Pettersson (Healthy), Tyler Boucher (Healthy)
Tyrel Bauer (Healthy), Samuel Helenius (Healthy), Cross Hanas (Healthy), Dmitri Ovchinnikov (Healthy), Daniel D'Amato (Healthy)
Trevor Kuntar (Healthy), Ryan McAllister (Healthy), Chaz Lucius (Healthy), Cody Hodgson (Healthy), Malcolm Subban (Healthy)
Michael Hutchinson (Healthy)
% Time on Ice - Thunderbirds
Lines # - Real PCT - Wanted PCT - Time Play
Normal Forward
1 - 28% - 25% - 8:57
2 - 31% - 25% - 9:56
3 - 38% - 25% - 11:55
4 - 3% - 25% - 0:58
Normal Defense
1 - 16% - 25% - 5:00
2 - 30% - 25% - 9:29
3 - 40% - 25% - 12:50
4 - 14% - 25% - 4:27
PP Forward
1 - 54% - 60% - 9:17
2 - 46% - 40% - 8:03
PP Defense
1 - 56% - 60% - 9:45
2 - 44% - 40% - 7:35
PK Forward
1 - 82% - 60% - 4:00
2 - 18% - 40% - 0:54
PK Defense
1 - 43% - 60% - 2:05
2 - 57% - 40% - 2:49
PK3 Forward
1 - 100% - 60% - 1:31
2 - 0% - 40% - 0:00
PK3 Defense
1 - 51% - 60% - 0:46
2 - 49% - 40% - 0:45
44 Forward
1 - 81% - 60% - 3:13
2 - 19% - 40% - 0:45
44 Defense
1 - 56% - 60% - 2:13
2 - 44% - 40% - 1:45
Last Minute Offensive - 0:31
Last Minute Defensive - 0:00
Total
Forward - 60:00
Defense - 60:00
|
% Time on Ice - Moose
Lines # - Real PCT - Wanted PCT - Time Play
Normal Forward
1 - 16% - 25% - 4:57
2 - 32% - 25% - 10:15
3 - 36% - 25% - 11:20
4 - 16% - 25% - 5:14
Normal Defense
1 - 18% - 25% - 5:38
2 - 30% - 25% - 9:33
3 - 35% - 25% - 11:12
4 - 17% - 25% - 5:23
PP Forward
1 - 56% - 60% - 3:36
2 - 44% - 40% - 2:49
PP Defense
1 - 56% - 60% - 3:36
2 - 44% - 40% - 2:49
PK Forward
1 - 65% - 60% - 11:14
2 - 35% - 40% - 6:06
PK Defense
1 - 60% - 60% - 10:27
2 - 40% - 40% - 6:53
PK3 Forward
1 - 0% - 60%
2 - 0% - 40%
PK3 Defense
1 - 0% - 60%
2 - 0% - 40%
44 Forward
1 - 63% - 60% - 2:30
2 - 37% - 40% - 1:28
44 Defense
1 - 59% - 60% - 2:20
2 - 41% - 40% - 1:38
Last Minute Offensive - 0:00
Last Minute Defensive - 0:31
Total
Forward - 60:00
Defense - 60:00
|
Play-by-Play
1st period
0:01 of 1st period - Joshua Roy wins face-off versus Lukas Reichel in neutral zone.
0:12 of 1st period - Shot by Joshua Roy.
0:12 of 1st period - Stopped by Clay Stevenson with a rebound.
0:25 of 1st period - Joshua Roy is hit by Adam Wilsby and loses puck.
0:47 of 1st period - Icing by Ville Ottavainen.
0:48 of 1st period - Aatu Raty wins face-off versus Artyom Anisimov in Moose zone.
0:50 of 1st period - Icing by Kieffer Bellows.
0:51 of 1st period - Aatu Raty wins face-off versus Hugh McGing in Moose zone.
1:06 of 1st period - Shot by James Malatesta.
1:06 of 1st period - Shot Blocked by Samuel Poulin.
1:41 of 1st period - Icing by Uvis Balinskis.
1:42 of 1st period - Akil Thomas wins face-off versus Hugh McGing in Thunderbirds zone.
1:45 of 1st period - Shot by Akil Thomas.
1:45 of 1st period - Shot Misses the Net.
1:47 of 1st period - Shot by Akil Thomas.
1:47 of 1st period - Stopped by Clay Stevenson without a rebound.
1:48 of 1st period - Akil Thomas wins face-off versus Artyom Anisimov in Thunderbirds zone.
1:50 of 1st period - Mikhail Maltsev is hit by Vincent Iorio and loses puck.
1:56 of 1st period - Icing by Artyom Anisimov.
1:57 of 1st period - Artyom Anisimov wins face-off versus Zachary L'Heureux in Thunderbirds zone.
2:08 of 1st period - Minor Penalty to Ville Ottavainen for Tripping.
2:09 of 1st period - Joshua Roy wins face-off versus Lukas Reichel in Moose zone.
2:15 of 1st period - Icing by Lukas Reichel.
2:16 of 1st period - Kieffer Bellows wins face-off versus Lukas Reichel in Thunderbirds zone.
3:54 of 1st period - Off-side.
3:55 of 1st period - Aatu Raty wins face-off versus Hugh McGing in neutral zone.
4:13 of 1st period - Tyson Barrie is hit by Marc Del Gaizo and loses puck.
4:26 of 1st period - Shot by Mikhail Maltsev.
4:26 of 1st period - Stopped by Clay Stevenson without a rebound.
4:27 of 1st period - Lukas Reichel wins face-off versus Kyle MacLean in Thunderbirds zone.
5:45 of 1st period - Icing by Wyatte Wylie.
5:46 of 1st period - Hugh McGing wins face-off versus Akil Thomas in Moose zone.
5:49 of 1st period - Shot by Tyson Jost.
5:49 of 1st period - Stopped by Jack Campbell with a rebound.
6:13 of 1st period - Minor Penalty to Uvis Balinskis for Interference.
6:14 of 1st period - Jasper Weatherby wins face-off versus Aatu Raty in Thunderbirds zone.
6:29 of 1st period - Shot by Tyson Barrie.
6:29 of 1st period - Stopped by Clay Stevenson without a rebound.
6:30 of 1st period - Jasper Weatherby wins face-off versus Aatu Raty in Thunderbirds zone.
6:49 of 1st period - Shot by Kieffer Bellows.
6:49 of 1st period - Stopped by Clay Stevenson with a rebound.
6:51 of 1st period - Shot by Akil Thomas.
6:51 of 1st period - Shot Blocked by Oliver Kylington.
6:53 of 1st period - Shot by Kieffer Bellows.
6:53 of 1st period - Deflect By Akil Thomas.
6:53 of 1st period - Shot Misses the Net.
6:55 of 1st period - Shot by Aatu Raty.
6:55 of 1st period - Shot Misses the Net.
7:52 of 1st period - Icing by Tyson Barrie.
7:53 of 1st period - Aatu Raty wins face-off versus Artyom Anisimov in Moose zone.
8:06 of 1st period - Shot by Kieffer Bellows.
8:06 of 1st period - Stopped by Clay Stevenson without a rebound.
8:07 of 1st period - Kyle MacLean wins face-off versus Artyom Anisimov in Thunderbirds zone.
8:18 of 1st period - Shot by Ryan Tverberg.
8:18 of 1st period - Shot Blocked by Jackson Cates.
8:25 of 1st period - Icing by Marc Del Gaizo.
8:26 of 1st period - Zachary L'Heureux wins face-off versus Artyom Anisimov in Thunderbirds zone.
8:41 of 1st period - Shot by Artyom Anisimov.
8:41 of 1st period - Stopped by Jack Campbell with a rebound.
8:43 of 1st period - Shot by Artyom Anisimov.
8:43 of 1st period - Goal by Artyom Anisimov - Thunderbirds : 1 - Moose : 0.
8:44 of 1st period - Hugh McGing wins face-off versus Kyle MacLean in neutral zone.
9:43 of 1st period - Shot by AJ Greer.
9:43 of 1st period - Stopped by Jack Campbell with a rebound.
10:04 of 1st period - Shot by Jacob Lucchini.
10:04 of 1st period - Shot Misses the Net.
10:15 of 1st period - Off-side.
10:16 of 1st period - Zachary L'Heureux wins face-off versus Artyom Anisimov in neutral zone.
10:26 of 1st period - Icing by Marc Del Gaizo.
10:27 of 1st period - Aatu Raty wins face-off versus Artyom Anisimov in Thunderbirds zone.
10:36 of 1st period - Shot by Kieffer Bellows.
10:36 of 1st period - Shot Misses the Net.
10:38 of 1st period - Shot by Lukas Cormier.
10:38 of 1st period - Shot Blocked by Gabriel Fortier.
10:40 of 1st period - Shot by Kieffer Bellows.
10:40 of 1st period - Deflect By Aatu Raty.
10:40 of 1st period - Shot Misses the Net.
10:42 of 1st period - Shot by Lukas Cormier.
10:42 of 1st period - Shot Misses the Net.
10:44 of 1st period - Shot by Kieffer Bellows.
10:44 of 1st period - Shot Misses the Net.
10:46 of 1st period - Shot by Aatu Raty.
10:46 of 1st period - Shot Misses the Net.
10:48 of 1st period - Shot by Kieffer Bellows.
10:48 of 1st period - Goal by Kieffer Bellows - Thunderbirds : 1 - Moose : 1.
10:49 of 1st period - Mikhail Maltsev wins face-off versus Hugh McGing in neutral zone.
11:02 of 1st period - Shot by Ryan Tverberg.
11:02 of 1st period - Stopped by Clay Stevenson without a rebound.
11:03 of 1st period - Lukas Reichel wins face-off versus Zachary L'Heureux in Thunderbirds zone.
11:07 of 1st period - Icing by Jacob Lucchini.
11:08 of 1st period - Zachary L'Heureux wins face-off versus Lukas Reichel in Thunderbirds zone.
11:57 of 1st period - Shot by Tyson Jost.
11:57 of 1st period - Stopped by Jack Campbell without a rebound.
11:58 of 1st period - Akil Thomas wins face-off versus Artyom Anisimov in Moose zone.
12:28 of 1st period - Icing by Artyom Anisimov.
12:29 of 1st period - Artyom Anisimov wins face-off versus Kyle MacLean in Thunderbirds zone.
12:42 of 1st period - Shot by Artyom Anisimov.
12:42 of 1st period - Stopped by Jack Campbell without a rebound.
12:43 of 1st period - Hugh McGing wins face-off versus Aatu Raty in Moose zone.
12:49 of 1st period - Minor Penalty to James Malatesta for Holding.
12:50 of 1st period - Artyom Anisimov wins face-off versus Kyle MacLean in Thunderbirds zone.
13:17 of 1st period - Minor Penalty to Jacob Lucchini for Goalie Interference.
13:18 of 1st period - Aatu Raty wins face-off versus Jasper Weatherby in Thunderbirds zone.
13:35 of 1st period - Shot by Tyson Barrie.
13:35 of 1st period - Shot Misses the Net.
14:02 of 1st period - Icing by Aatu Raty.
14:03 of 1st period - Aatu Raty wins face-off versus Jasper Weatherby in Moose zone.
14:45 of 1st period - Icing by Wyatte Wylie.
14:46 of 1st period - Jasper Weatherby wins face-off versus Kyle MacLean in Moose zone.
14:55 of 1st period - Shot by Lukas Cormier.
14:55 of 1st period - Stopped by Clay Stevenson without a rebound.
14:56 of 1st period - Artyom Anisimov wins face-off versus Akil Thomas in Thunderbirds zone.
14:56 of 1st period - Artyom Anisimov is hit by Aatu Raty.
15:07 of 1st period - Minor Penalty to Aatu Raty for Slashing.
15:08 of 1st period - Hugh McGing wins face-off versus Kieffer Bellows in Moose zone.
15:11 of 1st period - Shot by Vincent Iorio.
15:11 of 1st period - Shot Misses the Net.
15:19 of 1st period - Shot by Lukas Reichel.
15:19 of 1st period - Stopped by Jack Campbell without a rebound.
15:20 of 1st period - Lukas Reichel wins face-off versus Kieffer Bellows in Moose zone.
15:26 of 1st period - Jacob Lucchini is hit by Ville Ottavainen and loses puck.
16:17 of 1st period - Shot by Oliver Kylington.
16:17 of 1st period - Stopped by Jack Campbell without a rebound.
16:18 of 1st period - Hugh McGing wins face-off versus Akil Thomas in Moose zone.
16:35 of 1st period - Shot by Uvis Balinskis.
16:35 of 1st period - Goal by Uvis Balinskis - Thunderbirds : 2 - Moose : 1.
16:36 of 1st period - Gabriel Fortier wins face-off versus Akil Thomas in neutral zone.
16:47 of 1st period - Shot by Gabriel Fortier.
16:47 of 1st period - Stopped by Jack Campbell without a rebound.
16:48 of 1st period - Kyle MacLean wins face-off versus Lukas Reichel in Moose zone.
17:53 of 1st period - Shot by James Malatesta.
17:53 of 1st period - Stopped by Jack Campbell with a rebound.
18:48 of 1st period - Artyom Anisimov is hit by Mikhail Maltsev and loses puck.
19:06 of 1st period - Marc Del Gaizo is hit by Lian Bichsel and loses puck.
19:13 of 1st period - Shot by Kieffer Bellows.
19:13 of 1st period - Shot Blocked by Artyom Anisimov.
19:48 of 1st period - Shot by Jacob Lucchini.
19:48 of 1st period - Shot Blocked by Joshua Roy.
Goals for this period are 2 for Thunderbirds vs 1 for Moose.
Shots for this period are 11 for Thunderbirds vs 9 for Moose.
2nd period
0:01 of 2nd period - Jackson Cates wins face-off versus Zachary L'Heureux in neutral zone.
0:12 of 2nd period - Shot by AJ Greer.
0:12 of 2nd period - Stopped by Jack Campbell without a rebound.
0:13 of 2nd period - Akil Thomas wins face-off versus Artyom Anisimov in Moose zone.
0:19 of 2nd period - Off-side.
0:20 of 2nd period - Jackson Cates wins face-off versus Zachary L'Heureux in neutral zone.
0:23 of 2nd period - Shot by James Malatesta.
0:23 of 2nd period - Goal by James Malatesta - Thunderbirds : 3 - Moose : 1.
0:24 of 2nd period - Jackson Cates wins face-off versus Zachary L'Heureux in neutral zone.
0:27 of 2nd period - Shot by James Malatesta.
0:27 of 2nd period - Stopped by Jack Campbell without a rebound.
0:28 of 2nd period - Jackson Cates wins face-off versus Zachary L'Heureux in Moose zone.
0:47 of 2nd period - Shot by Kieffer Bellows.
0:47 of 2nd period - Stopped by Clay Stevenson with a rebound.
0:49 of 2nd period - Shot by Ville Ottavainen.
0:49 of 2nd period - Shot Misses the Net.
0:59 of 2nd period - Shot by Kieffer Bellows.
0:59 of 2nd period - Goal by Kieffer Bellows - Thunderbirds : 3 - Moose : 2.
1:00 of 2nd period - Akil Thomas wins face-off versus Artyom Anisimov in neutral zone.
2:08 of 2nd period - Shot by James Malatesta.
2:08 of 2nd period - Shot Misses the Net.
2:27 of 2nd period - Off-side.
2:28 of 2nd period - Aatu Raty wins face-off versus Lukas Reichel in neutral zone.
3:26 of 2nd period - Shot by Ryan Tverberg.
3:26 of 2nd period - Shot Misses the Net.
3:28 of 2nd period - Shot by Akil Thomas.
3:28 of 2nd period - Stopped by Clay Stevenson without a rebound.
3:29 of 2nd period - Kyle MacLean wins face-off versus Artyom Anisimov in Thunderbirds zone.
3:45 of 2nd period - Icing by Kyle MacLean.
3:46 of 2nd period - Kyle MacLean wins face-off versus Hugh McGing in Moose zone.
3:51 of 2nd period - Shot by Emil Heineman.
3:51 of 2nd period - Shot Misses the Net.
4:08 of 2nd period - Shot by Kyle MacLean.
4:08 of 2nd period - Deflect By Samuel Poulin.
4:08 of 2nd period - Shot Misses the Net.
4:10 of 2nd period - Shot by Wyatte Wylie.
4:10 of 2nd period - Shot Misses the Net.
4:21 of 2nd period - Uvis Balinskis is hit by Lian Bichsel and loses puck.
4:34 of 2nd period - Shot by Marc Del Gaizo.
4:34 of 2nd period - Shot Misses the Net.
4:36 of 2nd period - Shot by Gabriel Fortier.
4:36 of 2nd period - Shot Misses the Net.
4:37 of 2nd period - Minor Penalty to Lian Bichsel for Hooking.
4:38 of 2nd period - Lukas Reichel wins face-off versus Kieffer Bellows in Moose zone.
4:53 of 2nd period - Shot by Jacob Lucchini.
4:53 of 2nd period - Stopped by Jack Campbell with a rebound.
4:55 of 2nd period - Shot by Jacob Lucchini.
4:55 of 2nd period - Shot Misses the Net.
6:18 of 2nd period - Shot by Uvis Balinskis.
6:18 of 2nd period - Deflect By Hugh McGing.
6:18 of 2nd period - Shot Blocked by Joshua Roy.
6:28 of 2nd period - Joshua Roy is hit by Hugh McGing and loses puck.
6:43 of 2nd period - Shot by Artyom Anisimov.
6:43 of 2nd period - Shot Misses the Net.
6:49 of 2nd period - Shot by Gabriel Fortier.
6:49 of 2nd period - Stopped by Jack Campbell without a rebound.
6:50 of 2nd period - Jasper Weatherby wins face-off versus Kyle MacLean in Moose zone.
6:52 of 2nd period - Gabriel Fortier is hit by Lian Bichsel.
6:54 of 2nd period - Shot by Jackson Cates.
6:54 of 2nd period - Shot Misses the Net.
6:55 of 2nd period - Minor Penalty to Daniil Chayka for Interference.
6:56 of 2nd period - Aatu Raty wins face-off versus Hugh McGing in Moose zone.
7:09 of 2nd period - Shot by Uvis Balinskis.
7:09 of 2nd period - Stopped by Jack Campbell without a rebound.
7:10 of 2nd period - Aatu Raty wins face-off versus Lukas Reichel in Moose zone.
7:36 of 2nd period - Shot by Vincent Iorio.
7:36 of 2nd period - Stopped by Jack Campbell with a rebound.
8:06 of 2nd period - Shot by Uvis Balinskis.
8:06 of 2nd period - Shot Misses the Net.
8:08 of 2nd period - Shot by Oliver Kylington.
8:08 of 2nd period - Stopped by Jack Campbell without a rebound.
8:09 of 2nd period - Hugh McGing wins face-off versus Kieffer Bellows in Moose zone.
8:12 of 2nd period - Shot by Gabriel Fortier.
8:12 of 2nd period - Stopped by Jack Campbell with a rebound.
8:18 of 2nd period - Shot by Gabriel Fortier.
8:18 of 2nd period - Shot Misses the Net.
8:20 of 2nd period - Shot by Gabriel Fortier.
8:20 of 2nd period - Stopped by Jack Campbell without a rebound.
8:21 of 2nd period - Aatu Raty wins face-off versus Lukas Reichel in Moose zone.
8:40 of 2nd period - Shot by Lukas Reichel.
8:40 of 2nd period - Stopped by Jack Campbell without a rebound.
8:41 of 2nd period - Aatu Raty wins face-off versus Hugh McGing in Moose zone.
8:50 of 2nd period - Shot by Tyson Barrie.
8:50 of 2nd period - Shot Misses the Net.
9:44 of 2nd period - Shot by Tyson Jost.
9:44 of 2nd period - Shot Misses the Net.
10:02 of 2nd period - Shot by James Malatesta.
10:02 of 2nd period - Shot Misses the Net.
10:25 of 2nd period - Lukas Reichel is hit by Ville Ottavainen and loses puck.
10:33 of 2nd period - Minor Penalty to Ville Ottavainen for Checking from behind.
10:34 of 2nd period - Kieffer Bellows wins face-off versus Lukas Reichel in Moose zone.
11:07 of 2nd period - Icing by Jacob Lucchini.
11:08 of 2nd period - Lukas Reichel wins face-off versus Kieffer Bellows in Thunderbirds zone.
12:41 of 2nd period - Samuel Poulin is hit by Marc Del Gaizo and loses puck.
13:04 of 2nd period - Shot by Gabriel Fortier.
13:04 of 2nd period - Stopped by Jack Campbell with a rebound.
13:17 of 2nd period - Jackson Cates is hit by Lian Bichsel and loses puck.
13:28 of 2nd period - Minor Penalty to Aatu Raty for Roughing.
13:29 of 2nd period - Kieffer Bellows wins face-off versus Lukas Reichel in Moose zone.
14:49 of 2nd period - Shot by Lukas Reichel.
14:49 of 2nd period - Stopped by Jack Campbell without a rebound.
14:50 of 2nd period - Akil Thomas wins face-off versus Hugh McGing in Moose zone.
15:32 of 2nd period - Icing by Lian Bichsel.
15:33 of 2nd period - Luca Del Bel Belluz wins face-off versus Artyom Anisimov in Moose zone.
15:48 of 2nd period - Icing by Marc Del Gaizo.
15:49 of 2nd period - Artyom Anisimov wins face-off versus Emil Heineman in Thunderbirds zone.
16:35 of 2nd period - Jacob Lucchini is hit by Akil Thomas and loses puck.
17:07 of 2nd period - Minor Penalty to Uvis Balinskis for Tripping.
17:08 of 2nd period - Jasper Weatherby wins face-off versus Aatu Raty in Thunderbirds zone.
17:08 of 2nd period - Jasper Weatherby is hit by Kieffer Bellows.
17:28 of 2nd period - Shot by Tyson Barrie.
17:28 of 2nd period - Stopped by Clay Stevenson with a rebound.
17:30 of 2nd period - Shot by Kieffer Bellows.
17:30 of 2nd period - Stopped by Clay Stevenson without a rebound.
17:31 of 2nd period - Artyom Anisimov wins face-off versus Kyle MacLean in Thunderbirds zone.
17:31 of 2nd period - Artyom Anisimov is hit by Kyle MacLean.
17:53 of 2nd period - Shot by Kyle MacLean.
17:53 of 2nd period - Stopped by Clay Stevenson with a rebound.
17:55 of 2nd period - Shot by Samuel Poulin.
17:55 of 2nd period - Deflect By Kyle MacLean.
17:55 of 2nd period - Shot Blocked by Adam Wilsby.
17:57 of 2nd period - Shot by Kyle MacLean.
17:57 of 2nd period - Stopped by Clay Stevenson without a rebound.
17:58 of 2nd period - Aatu Raty wins face-off versus James Malatesta in Thunderbirds zone.
18:53 of 2nd period - Shot by Lukas Cormier.
18:53 of 2nd period - Shot Misses the Net.
18:55 of 2nd period - Shot by Lukas Cormier.
18:55 of 2nd period - Stopped by Clay Stevenson without a rebound.
18:56 of 2nd period - Aatu Raty wins face-off versus Jasper Weatherby in Thunderbirds zone.
19:27 of 2nd period - Shot by Lukas Reichel.
19:27 of 2nd period - Stopped by Jack Campbell without a rebound.
19:28 of 2nd period - Zachary L'Heureux wins face-off versus Hugh McGing in Moose zone.
19:56 of 2nd period - Minor Penalty to Lian Bichsel for Holding.
19:57 of 2nd period - Kieffer Bellows wins face-off versus Lukas Reichel in Moose zone.
19:57 of 2nd period - Kieffer Bellows is hit by AJ Greer.
Goals for this period are 1 for Thunderbirds vs 1 for Moose.
Shots for this period are 14 for Thunderbirds vs 8 for Moose.
3rd period
0:01 of 3rd period - Kieffer Bellows wins face-off versus AJ Greer in neutral zone.
1:07 of 3rd period - Shot by Uvis Balinskis.
1:07 of 3rd period - Shot Misses the Net.
1:11 of 3rd period - Shot by Oliver Kylington.
1:11 of 3rd period - Deflect By James Malatesta.
1:11 of 3rd period - Shot Misses the Net.
1:27 of 3rd period - Shot by AJ Greer.
1:27 of 3rd period - Shot Misses the Net.
1:46 of 3rd period - Lukas Reichel is hit by Wyatte Wylie and loses puck.
2:14 of 3rd period - Shot by Akil Thomas.
2:14 of 3rd period - Stopped by Clay Stevenson without a rebound.
2:15 of 3rd period - Akil Thomas wins face-off versus Hugh McGing in Thunderbirds zone.
2:30 of 3rd period - Shot by Akil Thomas.
2:30 of 3rd period - Stopped by Clay Stevenson without a rebound.
2:31 of 3rd period - Artyom Anisimov wins face-off versus Aatu Raty in Thunderbirds zone.
2:43 of 3rd period - Icing by Kieffer Bellows.
2:44 of 3rd period - Aatu Raty wins face-off versus Hugh McGing in Moose zone.
3:05 of 3rd period - Shot by Joshua Roy.
3:05 of 3rd period - Shot Blocked by Tyson Jost.
3:08 of 3rd period - Icing by James Malatesta.
3:09 of 3rd period - Hugh McGing wins face-off versus Akil Thomas in Thunderbirds zone.
3:36 of 3rd period - Shot by Akil Thomas.
3:36 of 3rd period - Stopped by Clay Stevenson without a rebound.
3:37 of 3rd period - Kyle MacLean wins face-off versus Artyom Anisimov in Thunderbirds zone.
4:01 of 3rd period - Shot by Samuel Poulin.
4:01 of 3rd period - Stopped by Clay Stevenson with a rebound.
4:35 of 3rd period - Shot by Lukas Reichel.
4:35 of 3rd period - Goal by Lukas Reichel - Thunderbirds : 4 - Moose : 2.
4:36 of 3rd period - Lukas Reichel wins face-off versus Akil Thomas in neutral zone.
4:58 of 3rd period - Mikhail Maltsev is hit by Marc Del Gaizo and loses puck.
5:03 of 3rd period - Shot by Mikhail Maltsev.
5:03 of 3rd period - Stopped by Clay Stevenson without a rebound.
5:04 of 3rd period - Zachary L'Heureux wins face-off versus Hugh McGing in Thunderbirds zone.
5:05 of 3rd period - Shot by Kieffer Bellows.
5:05 of 3rd period - Shot Misses the Net.
5:30 of 3rd period - James Malatesta is hit by Wyatte Wylie and loses puck.
6:03 of 3rd period - Gabriel Fortier is hit by Wyatte Wylie and loses puck.
6:08 of 3rd period - Shot by Jackson Cates.
6:08 of 3rd period - Stopped by Jack Campbell without a rebound.
6:09 of 3rd period - Kyle MacLean wins face-off versus Lukas Reichel in Moose zone.
6:32 of 3rd period - Shot by Emil Heineman.
6:32 of 3rd period - Shot Misses the Net.
6:49 of 3rd period - Minor Penalty to Ryan Tverberg for Tripping.
6:50 of 3rd period - Kieffer Bellows wins face-off versus Hugh McGing in Moose zone.
7:21 of 3rd period - Shot by James Malatesta.
7:21 of 3rd period - Stopped by Jack Campbell with a rebound.
7:24 of 3rd period - Artyom Anisimov is hit by Lukas Cormier and loses puck.
7:50 of 3rd period - Shot by Jacob Lucchini.
7:50 of 3rd period - Shot Misses the Net.
7:52 of 3rd period - Shot by Lukas Reichel.
7:52 of 3rd period - Deflect By AJ Greer.
7:52 of 3rd period - Shot Blocked by Zachary L'Heureux.
8:22 of 3rd period - Shot by James Malatesta.
8:22 of 3rd period - Deflect By Hugh McGing.
8:22 of 3rd period - Shot Hit the Post.
8:24 of 3rd period - Shot by Adam Wilsby.
8:24 of 3rd period - Stopped by Jack Campbell without a rebound.
8:25 of 3rd period - Lukas Reichel wins face-off versus Akil Thomas in Moose zone.
8:54 of 3rd period - Shot by Emil Heineman.
8:54 of 3rd period - Stopped by Clay Stevenson with a rebound.
8:56 of 3rd period - Shot by Kyle MacLean.
8:56 of 3rd period - Goal by Kyle MacLean - Thunderbirds : 4 - Moose : 3.
8:57 of 3rd period - Hugh McGing wins face-off versus Kyle MacLean in neutral zone.
8:57 of 3rd period - Tyson Jost is hit by Samuel Poulin and loses puck.
9:56 of 3rd period - Off-side.
9:57 of 3rd period - Artyom Anisimov wins face-off versus Akil Thomas in neutral zone.
10:33 of 3rd period - Shot by Artyom Anisimov.
10:33 of 3rd period - Stopped by Jack Campbell without a rebound.
10:34 of 3rd period - Lukas Reichel wins face-off versus Aatu Raty in Moose zone.
10:40 of 3rd period - AJ Greer is hit by Lukas Cormier and loses puck.
10:55 of 3rd period - Shot by Kieffer Bellows.
10:55 of 3rd period - Shot Misses the Net.
10:57 of 3rd period - Shot by Lukas Cormier.
10:57 of 3rd period - Shot Blocked by Oliver Kylington.
10:59 of 3rd period - Shot by Lukas Cormier.
10:59 of 3rd period - Stopped by Clay Stevenson without a rebound.
11:00 of 3rd period - Artyom Anisimov wins face-off versus Kyle MacLean in Thunderbirds zone.
12:16 of 3rd period - Off-side.
12:17 of 3rd period - Hugh McGing wins face-off versus Aatu Raty in neutral zone.
12:53 of 3rd period - Marc Del Gaizo is hit by Kieffer Bellows.
13:02 of 3rd period - Minor Penalty to Lian Bichsel for Tripping.
13:02 of 3rd period - Minor Penalty to James Malatesta for Hooking.
13:03 of 3rd period - Kieffer Bellows wins face-off versus AJ Greer in Moose zone.
14:01 of 3rd period - Shot by Aatu Raty.
14:01 of 3rd period - Goal by Aatu Raty - Thunderbirds : 4 - Moose : 4.
14:02 of 3rd period - Jasper Weatherby wins face-off versus Luca Del Bel Belluz in neutral zone.
14:04 of 3rd period - Off-side.
14:05 of 3rd period - Jasper Weatherby wins face-off versus Akil Thomas in neutral zone.
14:10 of 3rd period - Shot by AJ Greer.
14:10 of 3rd period - Shot Misses the Net.
14:12 of 3rd period - Shot by AJ Greer.
14:12 of 3rd period - Stopped by Jack Campbell without a rebound.
14:13 of 3rd period - AJ Greer wins face-off versus Aatu Raty in Moose zone.
14:38 of 3rd period - Shot by Aatu Raty.
14:38 of 3rd period - Deflect By Kyle MacLean.
14:38 of 3rd period - Goal by Kyle MacLean - Thunderbirds : 4 - Moose : 5.
14:39 of 3rd period - Artyom Anisimov wins face-off versus Kieffer Bellows in neutral zone.
15:06 of 3rd period - Shot by AJ Greer.
15:06 of 3rd period - Stopped by Jack Campbell without a rebound.
15:06 of 3rd period - Minor Penalty to Lian Bichsel for Roughing.
15:07 of 3rd period - Kieffer Bellows wins face-off versus Lukas Reichel in Moose zone.
15:35 of 3rd period - Shot by Lukas Reichel.
15:35 of 3rd period - Deflect By AJ Greer.
15:35 of 3rd period - Stopped by Jack Campbell without a rebound.
15:36 of 3rd period - Hugh McGing wins face-off versus Aatu Raty in Moose zone.
15:55 of 3rd period - Shot by Artyom Anisimov.
15:55 of 3rd period - Shot Misses the Net.
15:57 of 3rd period - Shot by James Malatesta.
15:57 of 3rd period - Shot Misses the Net.
15:59 of 3rd period - Shot by James Malatesta.
15:59 of 3rd period - Shot Misses the Net.
16:01 of 3rd period - Shot by Hugh McGing.
16:01 of 3rd period - Stopped by Jack Campbell without a rebound.
16:02 of 3rd period - Kieffer Bellows wins face-off versus Lukas Reichel in Moose zone.
16:17 of 3rd period - Shot by AJ Greer.
16:17 of 3rd period - Shot Blocked by Tyson Barrie.
16:19 of 3rd period - Shot by Lukas Reichel.
16:19 of 3rd period - Stopped by Jack Campbell without a rebound.
16:20 of 3rd period - Hugh McGing wins face-off versus Kieffer Bellows in Moose zone.
16:30 of 3rd period - Off-side.
16:31 of 3rd period - Kieffer Bellows wins face-off versus Hugh McGing in neutral zone.
16:38 of 3rd period - Icing by James Malatesta.
16:39 of 3rd period - Hugh McGing wins face-off versus Kieffer Bellows in Thunderbirds zone.
16:39 of 3rd period - Hugh McGing is hit by Kieffer Bellows.
16:46 of 3rd period - Off-side.
16:47 of 3rd period - Lukas Reichel wins face-off versus Kieffer Bellows in neutral zone.
17:00 of 3rd period - Shot by AJ Greer.
17:00 of 3rd period - Deflect By Jacob Lucchini.
17:00 of 3rd period - Shot Misses the Net.
17:02 of 3rd period - Shot by Jacob Lucchini.
17:02 of 3rd period - Shot Misses the Net.
17:04 of 3rd period - Shot by Lukas Reichel.
17:04 of 3rd period - Stopped by Jack Campbell without a rebound.
17:05 of 3rd period - Kieffer Bellows wins face-off versus Artyom Anisimov in Moose zone.
17:07 of 3rd period - Tyson Barrie is hit by Artyom Anisimov and loses puck.
17:19 of 3rd period - Shot by Akil Thomas.
17:19 of 3rd period - Shot Misses the Net.
17:20 of 3rd period - Minor Penalty to Peetro Seppala for Roughing.
17:21 of 3rd period - Artyom Anisimov wins face-off versus Kyle MacLean in Thunderbirds zone.
17:21 of 3rd period - AJ Greer is hit by Kyle MacLean and loses puck.
17:29 of 3rd period - Minor Penalty to Samuel Poulin for Goalie Interference.
17:30 of 3rd period - Kieffer Bellows wins face-off versus Hugh McGing in Moose zone.
17:30 of 3rd period - Kieffer Bellows is hit by AJ Greer.
17:49 of 3rd period - Shot by Hugh McGing.
17:49 of 3rd period - Deflect By AJ Greer.
17:49 of 3rd period - Shot Misses the Net.
17:51 of 3rd period - Shot by Adam Wilsby.
17:51 of 3rd period - Shot Blocked by Ville Ottavainen.
17:53 of 3rd period - Shot by Hugh McGing.
17:53 of 3rd period - Stopped by Jack Campbell without a rebound.
17:54 of 3rd period - Hugh McGing wins face-off versus Kieffer Bellows in Moose zone.
18:49 of 3rd period - Shot by Jacob Lucchini.
18:49 of 3rd period - Stopped by Jack Campbell without a rebound.
18:50 of 3rd period - Hugh McGing wins face-off versus Aatu Raty in Moose zone.
19:08 of 3rd period - Shot by Kyle MacLean.
19:08 of 3rd period - Shot Misses the Net.
19:32 of 3rd period - Thunderbirds, Clay Stevenson is pulled from the net.
19:42 of 3rd period - Shot by Lukas Reichel.
19:42 of 3rd period - Stopped by Jack Campbell without a rebound.
19:43 of 3rd period - Lukas Reichel wins face-off versus Aatu Raty in Moose zone.
19:46 of 3rd period - Shot by Lukas Reichel.
19:46 of 3rd period - Stopped by Jack Campbell without a rebound.
19:47 of 3rd period - Aatu Raty wins face-off versus Lukas Reichel in Moose zone.
Goals for this period are 1 for Thunderbirds vs 3 for Moose.
Shots for this period are 15 for Thunderbirds vs 10 for Moose.
Back to the Top